 Dungeon Crawl Stone Soup version 0.24-a0-67-ga78bd38d5a (webtiles) character file.

Game seed: 12085470071272315938

162940 Enroth the Hoplite (level 17, -2/108 HPs)
             Began as a Gargoyle Fighter on Feb 4, 2019.
             Was the Champion of Okawaru.
             Slain by a naga warrior
             ... wielding a +0 battleaxe of distortion
              (4 damage)
             ... on level 3 of the Snake Pit on Feb 5, 2019.
             The game lasted 02:10:04 (22860 turns).

Enroth the Hoplite (Gargoyle Fighter)              Turns: 22860, Time: 02:10:04

Health: -2/108     AC: 40    Str: 28    XL:     17   Next: 52%
Magic:  27/27      EV:  4    Int: 17    God:    Okawaru [******]
Gold:   2325       SH: 43    Dex: 20    Spells: 15/16 levels left

rFire    + . .     SeeInvis .   E - +5 morningstar (holy)
rCold    . . .     Gourm    .   P - +11 large shield of the Hidden Moons {*Slow rPois rC- Dex+8}
rNeg     + . .     Faith    .   d - +0 plate armour of the Other Side {*Drain rF++ Regen+ Str+4}
rPois    ∞         Spirit   .   D - +3 hat of Pondering {ponderous, MR+ MP+10 Int+5}
rElec    +         Reflect  +   K - +2 cloak {rPois}
rCorr    +         Harm     .   t - +2 pair of gloves
MR       +++..                  v - +1 pair of boots "Jaeqirgh" {rF- rC+ Dex+3}
Stlth    ..........             N - +6 amulet of reflection
HPRegen  0.68/turn              e - ring of protection from magic
MPRegen  0.20/turn              a - ring of resist corrosion

@: about to teleport, flying, constricted, slow
A: big wings, negative energy resistance 1, electricity resistance, unbreathing,
petrification resistance, rot immunity, AC +12
}: 1/15 runes: decaying
a: Stop Flying, Heroism, Finesse, Renounce Religion


You were on level 3 of the Snake Pit.
You worshipped Okawaru.
Okawaru was exalted by your worship.
You were not hungry.

You visited 5 branches of the dungeon, and saw 26 of its levels.
You also visited: Gauntlet.

You collected 2325 gold pieces.

Inventory:

Hand Weapons
 E - a +5 morningstar of holy wrath (weapon)
 I - the +7 sceptre of Torment {pain, torment}
   (Okawaru gifted it to you on level 2 of the Snake Pit)

   In the hands of one skilled in necromantic magic, it inflicts extra damage on
   living creatures.
Missiles
 j - 5 throwing nets (quivered)
Armour
 d - the +0 plate armour of the Other Side (worn) {*Drain rF++ Regen+ Str+4}
   (You found it on level 6 of the Lair of Beasts)

   It affects your strength (+4).
   It greatly protects you from fire.
   It increases your rate of regeneration.
   It causes draining when unequipped.
 t - a +2 pair of gloves (worn)
 v - the +1 pair of boots "Jaeqirgh" (worn) {rF- rC+ Dex+3}
   (Okawaru gifted it to you on level 11 of the Dungeon)

   It affects your dexterity (+3).
   It makes you vulnerable to fire.
   It protects you from cold.
 D - the +3 hat of Pondering (worn) {ponderous, MR+ MP+10 Int+5}
   (You acquired it on level 8 of the Dungeon)

   It affects your intelligence (+5).
   It affects your resistance to hostile enchantments.
   It affects your magic capacity (+10).
 K - a +2 cloak of poison resistance (worn)
 P - the +11 large shield of the Hidden Moons (worn) {*Slow rPois rC- Dex+8}
   (Okawaru gifted it to you on level 1 of the Lair of Beasts)

   It affects your dexterity (+8).
   It makes you vulnerable to cold.
   It protects you from poison.
   It may slow you when you take damage.
Jewellery
 a - a ring of resist corrosion (right hand)
 b - an uncursed ring of positive energy
 e - a ring of protection from magic (left hand)
 N - a +6 amulet of reflection (around neck)
Wands
 i - a wand of iceblast (55)
 l - a wand of flame (48)
 q - a wand of digging (7)
 r - a wand of paralysis (24)
 u - a wand of disintegration (5)
 y - a wand of polymorph (5)
 z - a wand of random effects (39)
 C - a wand of acid (2)
Scrolls
 g - 12 scrolls of remove curse
 h - 5 scrolls of identify
 n - 7 scrolls of magic mapping
 o - 15 scrolls of teleportation
 p - 5 scrolls of fear
 w - 5 scrolls of fog
 x - a scroll of silence
 G - 6 scrolls of blinking
 M - 2 scrolls of amnesia
 Q - a scroll of enchant armour
Potions
 c - a potion of brilliance
 k - a potion of berserk rage
 m - 2 potions of resistance
 s - a potion of agility
 B - 8 potions of curing
 F - a potion of might
 H - 2 potions of haste
 J - a potion of heal wounds
Miscellaneous
 A - a crystal ball of energy
 O - a fan of gales
 R - a lightning rod (4/4)
Comestibles
 f - 34 rations


   Skills:
 + Level 12.5 Fighting
   Level 2.8(9.2) Axes
 + Level 14.2(14.4) Maces & Flails
 - Level 0.2 Throwing
 * Level 12.0 Armour
 * Level 22.5 Shields
 * Level 1.3 Necromancy
 + Level 0.7 Invocations
 + Level 1.2 Evocations


You had 15 spell levels left.
You knew the following spells:

 Your Spells              Type           Power        Failure   Level  Hunger
a - Animate Skeleton      Necr           N/A          80%         1    ##.....

Your spell library contained the following spells:

 Spells                   Type           Power        Failure   Level  Hunger
 Apportation              Tloc           #.....       93%         1    ##.....
 Confusing Touch          Hex            #.....       93%         1    ##.....
 Flame Tongue             Conj/Fire      #....        93%         1    ##.....
 Freeze                   Ice            #...         93%         1    ##.....
 Shock                    Conj/Air       #...         93%         1    ##.....
 Summon Small Mammal      Summ           #...         93%         1    ##.....
 Call Imp                 Summ           #.......     98%         2    ###....
 Swiftness                Chrm/Air       #.......     98%         2    ###....
 Throw Flame              Conj/Fire      #.....       98%         2    ###....
 Throw Frost              Conj/Ice       #.....       98%         2    ###....
 Call Canine Familiar     Summ           #.......     100%        3    ####...
 Confuse                  Hex            #.......     100%        3    ####...
 Conjure Flame            Conj/Fire      #.......     100%        3    ####...
 Gell's Gravitas          Tloc           #.........   100%        3    ####...
 Inner Flame              Hex/Fire       #.......     100%        3    ####...
 Ozocubu's Armour         Chrm/Ice       #.......     100%        3    ####...
 Recall                   Summ/Tloc      N/A          100%        3    ####...
 Static Discharge         Conj/Air       #.......     100%        3    ####...
 Summon Guardian Golem    Hex/Summ       #.......     100%        3    ####...
 Airstrike                Air            #.........   100%        4    #####..
 Animate Dead             Necr           N/A          100%        4    #####..
 Petrify                  Tmut/Erth      #.......     100%        4    #####..
 Sticky Flame             Conj/Fire      #.......     100%        4    #####..
 Summon Ice Beast         Ice/Summ       #.......     100%        4    #####..
 Summon Lightning Spire   Summ/Air       #.......     100%        4    #####..
 Throw Icicle             Conj/Ice       #.......     100%        4    #####..
 Bolt of Magma            Conj/Fire/Erth #.........   100%        5    ######.
 Borgnjor's Vile Clutch   Necr/Erth      #.........   100%        5    ######.
 Fireball                 Conj/Fire      #.........   100%        5    ######.
 Iskenderun's Battlesphe  Conj/Chrm      #.......     100%        5    ######.
 Lightning Bolt           Conj/Air       #.........   100%        5    ######.
 Metabolic Englaciation   Hex/Ice        #.........   100%        5    ######.
 Venom Bolt               Conj/Pois      #.........   100%        5    ######.
 Yara's Violent Unravell  Hex/Tmut       #.........   100%        5    ######.
 Death Channel            Necr           #.........   100%        6    #######
 Iron Shot                Conj/Erth      #.........   100%        6    #######
 Simulacrum               Ice/Necr       #.........   100%        6    #######
 Orb of Destruction       Conj           #.........   100%        7    #######
 Spellforged Servitor     Conj/Summ      #.........   100%        7    #######


Dungeon Overview and Level Annotations

Branches:
Dungeon (12/15)            Temple (1/1) D:4            Lair (6/6) D:11
  Swamp (4/4) Lair:2        Snake (3/4) Lair:2        Slime (0/5) Lair:6
    Orc (0/2) D:11

Altars:
Ashenzari
Cheibriados
Dithmenos
Elyvilon
Fedhas
Gozag
Hepliaklqana
Kikubaaqudgha
Makhleb
Nemelex Xobeh
Okawaru
Qazlal
Ru
Sif Muna
Trog
Uskayaw
Vehumet
Wu Jian
Xom
Yredelemnul
Zin
The Shining One

Shops:
D:7 (   D:9 :   D:11 *   D:12 }   Snake:2 [   Snake:3 **

Portals:
Trove: D:10 (show slimy rune of Zot)

Annotations:
Lair:1 2 transporters, Ezendos's ghost, journeyman DrFE
Lair:2 exclusion: 2 oklob plants
Snake:3 1 transporter, guttsta's ghost, adept HONe


Innate Abilities, Weirdness & Mutations

You are resistant to torment.
Your stone body is resilient. (AC +12)
You are immune to poison.
Your large and strong wings let you fly indefinitely.
You resist negative energy. (rN+)
You are resistant to electric shocks. (rElec)
You can survive without breathing.
You are immune to petrification.
You are immune to rotting.


Message History

As you read the scroll of teleportation, it crumbles to dust.
You feel strangely unstable.
You hear a shout! x2
You block the naga's attack. You block the naga warrior's attack.
The naga warrior constricts you. You block guttsta's ghost's attack.
The salamander hits you but does no damage.
You miss guttsta's ghost.
Guttsta's ghost is severely damaged.
You block the naga's attack. You block the naga warrior's attack. x2
The naga warrior constricts you. You block guttsta's ghost's attack.
The salamander hits you but does no damage.
Your shield and plate armour of the Other Side prevent you from hitting guttsta's ghost.
Guttsta's ghost is severely damaged.
You block the naga's attack.
You hear a shout!
The naga warrior rages.
The naga warrior hits you with a +0 battleaxe of distortion!!!
* * * LOW HITPOINT WARNING * * *
Space bends around you.
You die...

######....##..y...###.##.........
#....##N#...## #......##.... #
#...##.###.#≈ ###....#####..
######...#..#≈.?:###.#[..## ##)
....#....#..##?_)W..©#.### ##..
.........#....§).#...#.# ##...
(........##.....≈#..##.# ###....
####......#..NN###..#..####.....#
##......##.yNW@####)###....=.##
#........###NNN###..#..(...###
#..........#####.........###
###.......)....©..........##
...............!........###
......................###
...................####
#...............####
#################


You could see 3 naga warriors, a salamander, a moth of wrath, 2 nagas and
guttsta's ghost.

Vanquished Creatures
  the Lernaean hydra (Swamp:4)
  A tentacled monstrosity (Swamp:1)
  2 thorn hunters
  Agnes (Snake:2)
  The ghost of Flugslaktarn the Severer, a journeyman DDFi of Makhleb (Snake:2)
  The ghost of competitivegamer the Severer, a journeyman HOBe of Trog (Snake:1)
  A very ugly thing (Swamp:2)
  Nessos (Lair:6)
  A minotaur (Gauntlet)
  Harold (D:7)
  Erolcha (D:11)
  26 hydras
  A shambling mangrove (Swamp:3)
  8 naga warriors
  A ghost crab (Swamp:3)
  A merfolk avatar (Lair:6)
  4 anacondas
  A centaur warrior (D:12)
  11 alligators
  2 two-headed ogres
  Urug (D:10)
  5 naga sharpshooters
  4 shock serpents
  Nergalle (Lair:2)
  A salamander mystic (Snake:3)
  A sea snake (Lair:6)
  An unseen horror (D:12)
  A wizard (D:10)
  3 naga ritualists
  2 spriggan druids
  11 swamp dragons
  5 mana vipers
  Pikel (D:6)
  A manticore (D:12)
  An ugly thing (D:11)
  A cyclops (D:12)
  4 slime creatures
  A moth of wrath (Snake:3)
  6 salamanders
  10 elephants
  Maurice (D:10)
  16 naga magi
  5 guardian serpents
  A rust devil (Gauntlet)
  24 black mambas
  Joseph (D:7)
  17 spiny frogs
  10 komodo dragons
  3 rime drakes
  2 trolls
  6 polar bears
  10 tyrant leeches
  3 wind drakes (Lair:6)
  13 hornets
  16 bog bodies
  20 blink frogs
  7 hippogriffs
  10 spriggans
  2 shadows
  A wraith (D:11)
  3 wyverns
  38 yaks
  A ynoxinul (Gauntlet)
  5 large abominations (D:10)
  3 hungry ghosts
  A basilisk (D:12)
  A steam dragon (Lair:1)
  A neqoxec (Gauntlet)
  23 swamp worms
  30 vampire mosquitoes
  8 insubstantial wisps
  A warg (D:11)
  28 nagas
  A soldier ant (D:12)
  12 water moccasins
  4 porcupines
  8 ice beasts
  12 swamp drakes
  2 orc warriors (D:11)
  3 phantoms
  3 sky beasts
  A black bear (D:9)
  2 eyes of draining
  3 ogres
  2 necrophages (D:5)
  7 centaurs
  17 wolves
  14 crocodiles
  12 small abominations
  2 big kobolds (D:11)
  8 bullfrogs
  A gnoll sergeant (D:8)
  2 scorpions
  A wyvern skeleton (D:10)
  6 killer bees (D:10)
  8 wights
  2 electric eels
  4 howler monkeys
  A lava snake (D:7)
  7 crimson imps
  3 jellies
  6 hounds
  A centaur skeleton (D:9)
  13 orc priests
  4 bullfrog skeletons
  3 iguanas
  4 iron imps (Gauntlet)
  Natasha (twice) (D:2)
  15 orc wizards
  9 worker ants
  12 gnolls
  10 adders
  2 shadow imps
  An ooze (D:4)
  An adder zombie (D:6)
  An adder skeleton (D:6)
  A worm (D:2)
  2 dart slugs (D:3)
  7 leopard geckos
  43 orcs
  5 giant cockroaches
  5 goblins
  12 hobgoblins
  10 jackals
  8 quokkas
  5 ball pythons
  7 bats
  5 frilled lizards
  A jackal zombie (D:9)
  9 kobolds
  2 leopard gecko skeletons
  3 rats
796 creatures vanquished.

Vanquished Creatures (others)
  Louise (Swamp:1)
  An unseen horror (D:11)
  A blink frog (Swamp:3)
  A basilisk (Lair:6)
  A naga (Snake:1)
  A slave (D:7)
  A gnoll (D:7)
  3 orcs (D:7)
  A kobold (D:11)
  32 fungi
  16 plants
59 creatures vanquished.

Grand Total: 855 creatures vanquished

Notes
Turn   | Place    | Note
-------+----------+-------------------------------------------
     0 | D:1      | Enroth the Gargoyle Fighter began the quest for the Orb.
     0 | D:1      | Reached XP level 1. HP: 14/14 MP: 1/1
   193 | D:1      | Reached XP level 2. HP: 8/19 MP: 2/2
   632 | D:1      | Reached XP level 3. HP: 22/23 MP: 3/3
   923 | D:2      | Reached skill level 4 in Shields
   923 | D:2      | Reached XP level 4. HP: 18/28 MP: 4/4
  1088 | D:2      | Found an iron altar of Okawaru.
  1088 | D:2      | Noticed Natasha
  1102 | D:2      | Killed Natasha
  1109 | D:2      | Became a worshipper of Warmaster Okawaru
  1151 | D:2      | Reached XP level 5. HP: 15/33 MP: 5/5
  1331 | D:2      | Noticed Natasha
  1350 | D:2      | Killed Natasha
  1373 | D:2      | Found a faded altar of an unknown god.
  1965 | D:3      | Reached skill level 5 in Shields
  2010 | D:3      | Reached XP level 6. HP: 33/38 MP: 6/6
  2039 | D:3      | Found a burning altar of Makhleb.
  2539 | D:3      | Found a stormy altar of Qazlal.
  2747 | D:4      | Reached skill level 1 in Maces & Flails
  2752 | D:4      | Reached skill level 6 in Shields
  2839 | D:4      | Reached XP level 7. HP: 3/42 MP: 7/7
  3123 | D:4      | Found a staircase to the Ecumenical Temple.
  3136 | Temple   | Entered the Ecumenical Temple
  3243 | D:4      | Reached * piety under Okawaru
  3251 | D:4      | Found a sparkling altar of Nemelex Xobeh.
  3493 | D:4      | Reached skill level 5 in Armour
  3808 | D:5      | Entered Level 5 of the Dungeon
  3939 | D:5      | Reached skill level 7 in Shields
  3939 | D:5      | Reached XP level 8. HP: 44/48 MP: 8/8
  4006 | D:5      | Found a bloodstained altar of Trog.
  4213 | D:5      | Noticed a hornet
  4220 | D:5      | Killed a hornet
  4220 | D:5      | Reached ** piety under Okawaru
  4220 | D:5      | Reached skill level 5 in Maces & Flails
  4374 | D:5      | Reached skill level 8 in Shields
  4540 | D:5      | Reached XP level 9. HP: 50/53 MP: 9/9
  4565 | D:5      | Reached skill level 5 in Fighting
  4820 | D:6      | Reached *** piety under Okawaru
  5508 | D:7      | Noticed Harold
  5524 | D:7      | Killed Harold
  5524 | D:7      | Reached **** piety under Okawaru
  5524 | D:7      | Reached skill level 9 in Shields
  5544 | D:7      | Noticed Pikel
  5546 | D:7      | Reached XP level 10. HP: 60/60 MP: 10/10
  5547 | D:7      | Paralysed by Pikel for 6 turns
  5553 | D:7      | Noticed Joseph
  5673 | D:7      | Paralysed by Pikel for 3 turns
  5686 | D:6      | Killed Pikel
  5718 | D:7      | Killed Joseph
  5718 | D:7      | Reached skill level 10 in Shields
  5848 | D:7      | Reached skill level 1 in Evocations
  5920 | D:7      | Found a radiant altar of Vehumet.
  5947 | D:7      | Found Ciheix's Antique Weapon Boutique.
  6215 | D:8      | Reached ***** piety under Okawaru
  6335 | D:8      | Found a shadowy altar of Dithmenos.
  6654 | D:8      | Noticed a two-headed ogre
  6664 | D:8      | Killed a two-headed ogre
  6703 | D:8      | Identified a scroll of acquirement
  6704 | D:8      | Found the +3 hat of Pondering {ponderous, MR+ MP+10 Int+5}
  7058 | D:9      | Reached XP level 11. HP: 64/66 MP: 11/11
  7359 | D:9      | Found Epu Wear's Book Boutique.
  7523 | D:10     | Entered Level 10 of the Dungeon
  7560 | D:10     | Noticed Maurice
  7560 | D:10     | Noticed Urug
  7561 | D:10     | Noticed a wizard
  7574 | D:10     | Killed a wizard
  7574 | D:10     | Reached skill level 11 in Shields
  7585 | D:10     | Killed Urug
  7585 | D:10     | Reached skill level 10 in Maces & Flails
  7596 | D:10     | Killed Maurice
  7627 | D:10     | Noticed a large abomination
  7795 | D:10     | Killed a large abomination
  7795 | D:10     | Received a gift from Okawaru
  7836 | D:10     | Got a spiked leather armour
  7848 | D:10     | Identified the +2 leather armour "Migevesu" {rC+ Str+2
                  | Dex+2} (You found it on level 10 of the Dungeon)
  8268 | D:10     | Found a portal to a secret trove of treasure.
  8774 | D:11     | Noticed a two-headed ogre
  8790 | D:11     | Killed a two-headed ogre
  8878 | D:11     | Found a staircase to the Lair.
  8913 | D:11     | Noticed Erolcha
  8939 | D:11     | HP: 3/68 [something (16)]
  8942 | D:11     | Killed Erolcha
  8942 | D:11     | Reached ****** piety under Okawaru
  8942 | D:11     | Received a gift from Okawaru
  8942 | D:11     | Reached skill level 12 in Shields
  8942 | D:11     | Reached XP level 12. HP: 35/73 MP: 12/12
  8943 | D:11     | Got a pair of translucent boots {god gift}
  8954 | D:11     | Identified the +1 pair of boots "Jaeqirgh" {rF- rC+ Dex+3}
                  | (Okawaru gifted it to you on level 11 of the Dungeon)
  9212 | D:11     | Found Caipt's General Store.
  9270 | D:11     | Found a staircase to the Orcish Mines.
  9589 | D:11     | You fall through a shaft!
  9594 | D:12     | Noticed a centaur warrior
  9617 | D:12     | Killed a centaur warrior
  9740 | D:12     | Found Voeplela's Gadget Emporium.
 10044 | D:12     | Reached skill level 13 in Shields
 10629 | D:12     | Upgraded the game from 0.24-a0-54-g776a2178cb to
                  | 0.24-a0-67-ga78bd38d5a
 10683 | Lair:1   | Entered Level 1 of the Lair of Beasts
 10795 | Lair:1   | Found a gate leading to a gauntlet.
 10821 | Gauntlet | Entered a Gauntlet
 10821 | Gauntlet | Found a runed translucent door.
 10821 | Gauntlet | Found a transporter.
 10821 | Gauntlet | Found a runed translucent door.
 10821 | Gauntlet | Found a transporter.
 10821 | Gauntlet | Found a transporter.
 10822 | Gauntlet | Found a transporter.
 10822 | Gauntlet | Noticed a death ooze
 10823 | Gauntlet | Found a transporter.
 10826 | Gauntlet | Found a transporter.
 10830 | Gauntlet | Found a runed translucent door.
 10830 | Gauntlet | Found a runed translucent door.
 10832 | Gauntlet | Found a transporter.
 10834 | Gauntlet | Found a transporter.
 10835 | Gauntlet | Found a transporter.
 10837 | Gauntlet | Found a transporter.
 10841 | Gauntlet | Noticed a wretched star
 10845 | Gauntlet | Noticed a dire elephant
 10846 | Gauntlet | Found a transporter.
 10846 | Gauntlet | Found a transporter.
 11182 | Gauntlet | Noticed a minotaur
 11208 | Gauntlet | Killed a minotaur
 11359 | Lair:1   | Identified the cursed +1 trident "Uvidiqat" {holy, *Drain
                  | +Fly rPois Int+4}
 11359 | Lair:1   | Noticed a spriggan rider
 11359 | Lair:1   | Noticed Ezendos's ghost (journeyman DrFE)
 11362 | Lair:1   | Identified the +4 spear of Instant Death {vamp, MR++}
 11362 | Lair:1   | Noticed a spriggan rider
 11403 | Lair:1   | Received a gift from Okawaru
 11404 | Lair:1   | Got a polished large shield {god gift}
 11416 | Lair:1   | Identified the +11 large shield of the Hidden Moons {*Slow
                  | rPois rC- Dex+8} (Okawaru gifted it to you on level 1 of
                  | the Lair of Beasts)
 11496 | Lair:1   | Reached XP level 13. HP: 80/80 MP: 13/13
 11535 | Lair:1   | Reached skill level 14 in Shields
 11584 | Lair:1   | Found a transporter.
 11588 | Lair:1   | Found a transporter.
 11589 | Lair:1   | Found a bloodstained altar of Trog.
 11944 | Lair:2   | Found a staircase to the Snake Pit.
 12502 | Lair:2   | Found a staircase to the Swamp.
 12514 | Lair:2   | Noticed Nergalle
 12542 | Lair:2   | Killed Nergalle
 12643 | Lair:2   | Reached skill level 15 in Shields
 14507 | Lair:5   | Received a gift from Okawaru
 14507 | Lair:5   | Reached skill level 16 in Shields
 14836 | Lair:5   | Reached skill level 10 in Fighting
 15048 | Lair:5   | Got a transparent falchion
 15049 | Lair:5   | Identified the +7 falchion "Ultimatum" {slice, rC+} (You
                  | found it on level 5 of the Lair of Beasts)
 15262 | Lair:6   | Entered Level 6 of the Lair of Beasts
 15262 | Lair:6   | Noticed Nessos
 15299 | Lair:5   | Received a gift from Okawaru
 15389 | Lair:6   | Gained mutation: Your large and strong wings let you fly
                  | indefinitely. [Gargoyle growth]
 15389 | Lair:6   | Reached XP level 14. HP: 82/88 MP: 14/14
 15398 | Lair:6   | Killed Nessos
 15491 | Lair:6   | Reached skill level 17 in Shields
 15784 | Lair:6   | Got a distressingly furry scale mail
 15785 | Lair:6   | Identified the +5 scale mail of Divine Intervention {rElec
                  | rN+ MR+ Int-5} (You found it on level 6 of the Lair of
                  | Beasts)
 16053 | Lair:6   | Reached skill level 18 in Shields
 16168 | Lair:6   | Got a crude plate armour
 16186 | Lair:6   | Identified the cursed +0 plate armour of the Other Side
                  | {*Drain rF++ Regen+ Str+4} (You found it on level 6 of the
                  | Lair of Beasts)
 16364 | Lair:6   | Received a gift from Okawaru
 16592 | Lair:6   | Found a staircase to the Slime Pits.
 16720 | Swamp:1  | Entered Level 1 of the Swamp
 16898 | Swamp:1  | Noticed Louise
 16966 | Swamp:1  | Killed Louise
 17055 | Swamp:1  | Received a gift from Okawaru
 17061 | Swamp:1  | Noticed a thorn hunter
 17077 | Swamp:1  | Killed a thorn hunter
 17077 | Swamp:1  | Reached XP level 15. HP: 93/93 MP: 15/15
 17251 | Swamp:1  | Noticed a tentacled monstrosity
 17264 | Swamp:1  | Killed a tentacled monstrosity
 17264 | Swamp:1  | Reached skill level 19 in Shields
 17325 | Swamp:1  | Reached skill level 10 in Armour
 17745 | Swamp:2  | Received a gift from Okawaru
 17746 | Swamp:2  | Got an iridescent hunting sling {god gift}
 18240 | Swamp:3  | Noticed a thorn hunter
 18259 | Swamp:3  | Killed a thorn hunter
 18265 | Swamp:3  | Received a gift from Okawaru
 18405 | Swamp:3  | Found an opulent altar of Gozag.
 18427 | Swamp:3  | Reached skill level 20 in Shields
 18668 | Swamp:3  | Got a citrine-encrusted scale mail
 18669 | Swamp:3  | Identified the +1 scale mail "Inaukh" {rElec Regen+ Str-3}
                  | (You found it on level 3 of the Swamp)
 18906 | Swamp:4  | Entered Level 4 of the Swamp
 18983 | Swamp:4  | Received a gift from Okawaru
 19000 | Swamp:3  | Reached XP level 16. HP: 82/100 MP: 16/16
 19464 | Swamp:4  | Received a gift from Okawaru
 19465 | Swamp:4  | Found the +8 demon trident "Rift" {distort, reach+}
 19514 | Swamp:4  | Reached skill level 21 in Shields
 19702 | Swamp:4  | Noticed the 27-headed Lernaean hydra
 19711 | Swamp:4  | Killed the 27-headed Lernaean hydra
 19729 | Swamp:4  | Got a decaying rune of Zot
 20013 | Snake:1  | Entered Level 1 of the Snake Pit
 20099 | Snake:1  | Received a gift from Okawaru
 20452 | Snake:1  | Found a runed translucent door.
 20455 | Snake:1  | Noticed competitivegamer's ghost (journeyman HOBe)
 20533 | Snake:1  | Killed competitivegamer's ghost
 21071 | Snake:2  | Reached XP level 17. HP: 104/106 MP: 17/17
 21139 | Snake:2  | Reached skill level 22 in Shields
 21205 | Snake:2  | Found Ariulum's Armour Emporium.
 21230 | Snake:2  | Noticed Agnes
 21245 | Snake:2  | Killed Agnes
 21672 | Snake:2  | Found a runed translucent door.
 21673 | Snake:2  | Noticed Flugslaktarn's ghost (journeyman DDFi)
 21688 | Snake:2  | Killed Flugslaktarn's ghost
 21688 | Snake:2  | Received a gift from Okawaru
 21689 | Snake:2  | Found the +7 sceptre of Torment {pain, torment}
 22030 | Snake:3  | Learned a level 1 spell: Animate Skeleton
 22068 | Snake:3  | Found a transporter.
 22080 | Snake:3  | Identified the +2 mace "Otaipe Alaa" {holy, rPois}
 22081 | Snake:3  | Found a bloodstained altar of Trog.
 22083 | Snake:3  | Noticed guttsta's ghost (adept HONe)
 22087 | Snake:3  | Identified the +10 halberd of Terra Nullius {vamp, rC+ MR-
                  | Int+7}
 22103 | Snake:3  | Found a transporter.
 22324 | Snake:3  | Reached skill level 1 in Necromancy
 22429 | Snake:3  | Found Taessino's Assorted Antiques.
 22435 | Snake:3  | Found Alui's General Store.
 22860 | Snake:3  | HP: 2/108 [naga warrior/+0 battleaxe of distortion (38)]
 22860 | Snake:3  | Slain by a naga warrior

Vault maps used:
D:1:      sevenhm_arrival_forest_fort_small_3, minmay_liquid_box,
          due_unseen_surprise
D:2:      lemuel_round_altar, chequers_ecumenical_altar_island, uniq_natasha
D:3:      cheibrodos_old_hovel, lemuel_doored_altar, overflow_temple_1_default
D:4:      marbit_many_paths, minmay_temple_entry_hall, first_ration
D:5:      minmay_evil_eye, lightli_temple_of_fire, grunt_ministairs_10,
          st_stairs_3
D:7:      fiery_altar_vehumet, serial_shops, nicolae_shop_overgrown_old_shop,
          the_bakery, kennysheep_generic_room_5, uniq_joseph, uniq_pikel,
          uniq_harold
D:8:      nicolae_overflow_crystal_walls
D:9:      serial_shops, shop_fountains
D:10:     nicolae_trove_entry_diagonal, serial_bayou_pond_b, laboratory,
          uniq_maurice, uniq_urug
D:11:     david_lair_shrubbed, david_orc_3, serial_shops, shop, fountainhead,
          uniq_erolcha
D:12:     minmay_general_purpose_star, serial_shops, kennysheep_mini_moat
Temple:   minmay_freezing_vapour_temple
Lair:1:   gammafunk_ghost_wrathful_warriors, gauntlet_entry_generic, pond,
          grunt_megastairs_2
Lair:2:   minmay_swamp_entry_swarm, guppyfry_snake_entry_island,
          minmay_lair_oklob_chamber, uniq_nergalle
Lair:5:   patterned_corridor, lemuel_fruit_tree, infiniplex_staircase_pool_2
Lair:6:   gammafunk_lair_ancient_temple, dpeg_slime_entry_corner, minivault_24,
          uniq_nessos
Swamp:1:  evilmike_swamp_ruin_rubble_2, infiniplex_staircase_pool, uniq_louise
Swamp:2:  hangedman_swamp_ruin_wall
Swamp:3:  lemuel_altar_in_water
Swamp:4:  grunt_swamp_rune_castle
Snake:1:  gammafunk_ghost_grave, serial_bayou_pond_c, hangedman_corner_corridor
Snake:2:  gammafunk_ghost_grave, st_stairs_1, minmay_shop_star, uniq_agnes
Snake:3:  gammafunk_ghost_wrathful_warriors, drop_trap, st_stairs_1,
          minmay_shoptagon
Gauntlet: minmay_gauntlet_mixed_big_or_small

Skill      XL: |  1  2  3  4  5  6  7  8  9 10 11 12 13 14 15 16 17 |
---------------+----------------------------------------------------+-----
Axes           | 2 |  2.8
Armour         | 4 5 6 7 8 9 10 11 12 | 12.0
Shields        | 4 5 6 7 8 9 10 12 13 16 18 20 21 22 | 22.5
Maces & Flails | 2 3 5 8 9 11 12 13 14 | 14.2
Fighting       | 4 5 6 8 9 10 11 12 | 12.5
Evocations     | 1 |  1.2
Necromancy     | 1 |  1.3
Throwing       | |  0.2
Invocations    | |  0.7

Action                   |  1- 3 |  4- 6 |  7- 9 | 10-12 | 13-15 | 16-18 || total
-------------------------+-------+-------+-------+-------+-------+-------++-------
Melee: War axe           |   119 |     2 |       |       |       |       ||   121
       Whip              |       |   280 |   429 |  1339 |   635 |       ||  2683
       Mace              |       |       |       |   117 |       |       ||   117
       Demon whip        |       |       |       |       |  1153 |   687 ||  1840
       Morningstar       |       |       |       |       |    19 |    30 ||    49
       Eveningstar       |       |       |       |       |       |   119 ||   119
Throw: Throwing net      |       |     1 |     1 |       |       |       ||     2
Invok: Heroism           |       |       |     1 |     4 |       |       ||     5
 Abil: Fly               |       |       |       |       |     2 |       ||     2
       Stop Flying       |       |       |       |       |     1 |       ||     1
Evoke: Wand              |       |       |       |     8 |     3 |       ||    11
       Phantom mirror    |       |       |       |       |       |     1 ||     1
  Use: Scroll            |       |     9 |     2 |    10 |    15 |     8 ||    44
       Potion            |       |     1 |     5 |    12 |     3 |     2 ||    23
 Stab: Invisible         |       |       |       |     4 |       |       ||     4
       Confused          |       |       |       |       |     2 |     1 ||     3
  Eat: Chunk             |       |     7 |     6 |    14 |    24 |     2 ||    53
       Ration            |       |       |     1 |     4 |     1 |     4 ||    10
Armor: Plate armour      |   101 |   153 |   155 |       |   190 |   199 ||   798
       Skin              |       |       |    24 |       |       |       ||    24
       Chain mail        |       |       |    19 |   173 |   112 |       ||   304
       Leather armour    |       |       |       |    99 |       |       ||    99
       Troll leather arm |       |       |       |    58 |       |       ||    58
       Fire dragon scale |       |       |       |       |    68 |       ||    68
       Scale mail        |       |       |       |       |    25 |       ||    25
Dodge: Dodged            |    24 |    41 |    82 |   279 |   205 |    69 ||   700
Block: Shield            |    85 |   173 |   223 |   516 |       |       ||   997
       Large shield      |       |       |       |     8 |  1966 |  1101 ||  3075
       Reflection        |       |       |       |       |       |    87 ||    87

Table legend:
 A = Non-vault XP
 B = Vault XP
 C = Vault XP percentage of total XP
 D = Non-vault monster count
 E = Vault monster count
 F = Vault count percentage of total count
                 A         B        C        D         E       F
            +---------+---------+-------+---------+---------+-------
      Total |  156203 |   57998 |  27.1 |     651 |     150 |  18.7
            +---------+---------+-------+---------+---------+-------
        D:1 |      34 |       0 |   0.0 |      20 |       0 |   0.0
        D:2 |     160 |      36 |  18.4 |      25 |       1 |   3.8
        D:3 |     157 |      11 |   6.5 |      21 |       1 |   4.5
        D:4 |     616 |       0 |   0.0 |      21 |       0 |   0.0
        D:5 |    1313 |     328 |  20.0 |      27 |       7 |  20.6
        D:6 |     943 |     851 |  47.4 |      30 |       2 |   6.2
        D:7 |     460 |    1322 |  74.2 |      15 |       4 |  21.1
        D:8 |    2567 |       0 |   0.0 |      27 |       0 |   0.0
        D:9 |     492 |       0 |   0.0 |      12 |       0 |   0.0
       D:10 |    2035 |    5011 |  71.1 |      24 |      21 |  46.7
       D:11 |    4011 |    1727 |  30.1 |      38 |      10 |  20.8
       D:12 |    4171 |     336 |   7.5 |      19 |       2 |   9.5
     Lair:1 |    2635 |    1358 |  34.0 |      16 |       7 |  30.4
     Lair:2 |    5652 |    1973 |  25.9 |      16 |       8 |  33.3
     Lair:3 |    6133 |       0 |   0.0 |      21 |       0 |   0.0
     Lair:4 |    1284 |       0 |   0.0 |       9 |       0 |   0.0
     Lair:5 |    5399 |    1310 |  19.5 |      17 |       4 |  19.0
     Lair:6 |   16560 |    8667 |  34.4 |      61 |      22 |  26.5
    Swamp:1 |   12888 |    1605 |  11.1 |      33 |       1 |   2.9
    Swamp:2 |   12674 |       0 |   0.0 |      33 |       0 |   0.0
    Swamp:3 |   18108 |     750 |   4.0 |      37 |       1 |   2.6
    Swamp:4 |   12702 |   19974 |  61.1 |      33 |      34 |  50.7
    Snake:1 |   16745 |    1595 |   8.7 |      37 |       1 |   2.6
    Snake:2 |   15410 |    5637 |  26.8 |      31 |       5 |  13.9
    Snake:3 |   13054 |    2971 |  18.5 |      28 |       6 |  17.6
   Gauntlet |       0 |    2536 | 100.0 |       0 |      13 | 100.0
            +---------+---------+-------+---------+---------+-------
